General information
- name: BNet
- type: Ladder 1vs1/FFA
- host: Battle.net
- saver: Orlokki
map: Moonglade
- players: 2
- length: 07:03
- speed: Fast
- version: 1.21 W3XP
- replay type: Public
» download(16 KB)
Players
team 1 (winner)
Orlokki (
teal | 39 APM | 274 actions | 07:03)
3 Dark Ranger
2 Black Arrow
1 Silence
» actions
| Assign group hotkey | 3 | |
| Build / train | 20 | |
| Enter build submenu | 10 | |
| Enter hero's abilities submenu | 3 | |
| Right click | 141 | |
| Select / deselect | 76 | |
| Select group hotkey | 12 | |
| Use ability | 9 | |
274 total
» units
» buildings
| Ancient of War | 1 | |
| Moon Well | 3 | |
| Altar of Elders | 1 | |
| Hunter's Hall | 1 | |
6 total
» build order
00:22 Ancient of War
00:35 Moon Well
01:03 Altar of Elders
02:01 Hunter's Hall
03:02 Moon Well
03:17 Moon Well
team 2 (loser)

»
marting (
yellow | 31 APM | 175 actions | 05:41)
1 Paladin
1 Divine Shield
» actions
| Assign group hotkey | 6 | |
| Basic commands | 1 | |
| Build / train | 15 | |
| Enter build submenu | 6 | |
| Enter hero's abilities submenu | 1 | |
| Remove unit from queue | 1 | |
| Right click | 78 | |
| Select / deselect | 47 | |
| Select group hotkey | 12 | |
| Use ability | 8 | |
175 total
» units
» buildings
| Altar of Kings | 1 | |
| Farm | 4 | |
| Barracks | 1 | |
| Keep | 1 | |
7 total
» build order
00:08 Altar of Kings
00:11 Farm
00:32 Barracks
01:32 Farm
02:32 Farm
03:06 Keep
03:20 Farm
Chat log
(01:53 / All) marting: baah
(01:58 / All) marting: wrong hero in the start xD
(02:11 / All) Orlokki: gg
(02:15 / All) marting: ?
(02:21 / All) marting: not yet
(02:22 / All) Orlokki: me too
(02:23 / All) marting: ..
(02:34 / All) Orlokki: wrong hero
(02:40 / All) marting: oh
(02:40 / All) marting: :P
(02:50 / All) marting: i just buildt another one
(03:49 / All) marting: omg
(03:54 / All) marting: ridicilous
(04:26 / All) marting: ure fakelvling
(04:27 / All) marting: nub
(04:33 / All) marting: fu
(04:48 / All) Orlokki: nono
(04:50 / All) marting: fucking cocksucer
(05:27 / All) marting: fuck you
(05:36 / All) marting: use youre real acount u fucking cunt